 Dungeon Crawl Stone Soup version 0.16.1-11-g651b585 (webtiles) character file.

286 NoobVikA the Cudgeler (level 6, 0/37 HPs)
             Began as a Gargoyle Fighter on Apr 4, 2015.
             Slain by a hell rat (5 damage)
             ... on level 4 of the Dungeon.
             The game lasted 00:24:55 (2975 turns).

NoobVikA the Cudgeler (Gargoyle Fighter)            Turns: 2975, Time: 00:24:55

Health: 0/37       AC: 19    Str: 21    XL:     6   Next: 30%
Magic:  6/6        EV:  3    Int:  8    God:
Gold:   227        SH:  9    Dex: 10    Spells: 0 memorised, 5 levels left

rFire  . . .     SeeInvis .     a - +0 flail
rCold  . . .     Clarity  .     p - +2 plate armour {MR+}
rNeg   + . .     SustAb   +     c - +0 shield
rPois  ∞         Gourm    .     (no helmet)
rElec  +         Spirit   .     (no cloak)
rCorr  +         Warding  .     g - +0 pair of gloves
rMut   .         Stasis   .     (no boots)
MR     +....                    s - amulet of resist corrosion
Stlth  ..........               x - ring of sustain abilities
                                h - ring of stealth

@: somewhat resistant to hostile enchantments, extremely unstealthy
A: negative energy resistance 1, electricity resistance, unbreathing,
petrification resistance, rot immunity, AC +4
a: no special abilities


You were on level 4 of the Dungeon.
You were hungry.

You visited 1 branch of the dungeon, and saw 5 of its levels.

You collected 227 gold pieces.

Inventory:

Hand weapons
 a - a +0 flail (weapon)
Missiles
 f - 35 stones (quivered)
Armour
 c - a +0 shield (worn)
 g - a +0 pair of gloves (worn)
 p - a +2 plate armour of magic resistance (worn)
Jewellery
 h - a ring of stealth (left hand)
 s - an amulet of resist corrosion (around neck)
 x - a ring of sustain abilities (right hand)
 A - an uncursed ring of magical power
Magical devices
 v - a wand of magic darts (10)
 y - a wand of paralysis (4)
Scrolls
 b - 2 scrolls of enchant armour {unknown}
 j - 3 scrolls of teleportation {unknown}
 m - 3 scrolls of identify {unknown}
 n - a scroll of blinking {unknown}
 B - a scroll of enchant weapon {unknown}
 D - a scroll of remove curse {unknown}
 E - a scroll of fog {unknown}
Potions
 e - a potion of might
 i - a potion of heal wounds {unknown}
 l - a potion of degeneration {unknown}
 q - a potion of curing {unknown}
 u - a potion of poison {unknown}
 w - a potion of berserk rage {unknown}
 z - a potion of brilliance {unknown}
 C - a potion of mutation {unknown}
Comestibles
 d - 5 bread rations
 k - 2 beef jerkies
 o - 5 fruits
 r - a meat ration


   Skills:
 - Level 3.3 Fighting
 + Level 6.2 Maces & Flails
 - Level 3.4 Armour
 - Level 0.1 Dodging
 - Level 3.4 Shields


You had 5 spell levels left.
You didn't know any spells.

Dungeon Overview and Level Annotations

Branches:
Dungeon (5/15)
 Temple: D:4-7

Altars:
Xom
The Shining One

Shops:
D:4 [


Innate Abilities, Weirdness & Mutations

You are resistant to torment.
You are immune to poison.
Your stone body is very resilient (AC +4).
You resist negative energy.
You are resistant to electric shocks.
You can survive without breathing.
You are immune to petrification.
You are immune to rotting.


Message History

You block the hell rat's attack. You block the river rat's attack.
There is a stone staircase leading up here.
You block the hell rat's attack. The river rat completely misses you.
You climb upwards.
There is a stone staircase leading down here.
The hell rat bites you. You block the hell rat's attack.
There is an open door here.
There is an open door here.
All of the chunks of flesh in your inventory have rotted away.
The hell rat bites you.
* * * LOW HITPOINT WARNING * * *
You are feeling hungry.
You block the hell rat's attack.
The river rat twitches its whiskers.
The hell rat bites you!
* * * LOW HITPOINT WARNING * * *
There is a stone staircase leading up here.
The hell rat bites you.
You die...

..#.................'.......#...#
..#.................#.......#...#
'##.................#......###'##
....................#......#.....
....................#'######.....
...###'#####.....................
...#.......#...............>.....
...+.......#.....................
...#.......+....@r.......†.......
...####'####......r..............
............................###'#
............................#...#
............................#...#
............................'...#
............................#...#
...........................>#...#
............#####'##).[.....###'#


You could see a hell rat and a river rat.

Vanquished Creatures
  An ogre (D:4)
  An orc wizard (D:4)
  A river rat (D:5)
  6 adders
  A worm (D:2)
  3 giant geckos
  2 oozes (D:2)
  2 orcs (D:4)
  2 giant cockroaches
  11 goblins
  8 hobgoblins
  9 kobolds
  A ball python (D:2)
  15 bats
  5 giant newts
  13 jackals
  17 rats
98 creatures vanquished.

Notes
Turn   | Place    | Note
--------------------------------------------------------------
     0 | D:1      | NoobVikA, the Gargoyle Fighter, began the quest for the Orb.
     0 | D:1      | Reached XP level 1. HP: 14/14 MP: 1/1
   108 | D:1      | Reached XP level 2. HP: 17/19 MP: 2/2
   625 | D:1      | Reached XP level 3. HP: 23/23 MP: 3/3
  1033 | D:2      | Found a glowing golden altar of the Shining One.
  1422 | D:2      | Reached XP level 4. HP: 24/28 MP: 4/4
  1501 | D:2      | Reached skill level 4 in Maces & Flails
  1770 | D:3      | Reached XP level 5. HP: 24/32 MP: 5/5
  1973 | D:3      | Found a shimmering altar of Xom.
  2101 | D:4      | Found Stea's Antique Armour Boutique.
  2168 | D:4      | Reached skill level 5 in Maces & Flails
  2370 | D:4      | Noticed an ogre
  2381 | D:4      | Killed an ogre
  2381 | D:4      | Reached skill level 6 in Maces & Flails
  2381 | D:4      | Reached XP level 6. HP: 37/37 MP: 6/6
  2852 | D:5      | Entered Level 5 of the Dungeon
  2975 | D:4      | Slain by a hell rat

Action                   |  1- 3 |  4- 6 || total
-------------------------+-------+-------++-------
Melee: Flail             |   186 |   205 ||   391
Throw: Stone             |     4 |       ||     4
Evoke: Wand              |       |     1 ||     1
 Stab: Paralysed         |       |     6 ||     6
  Eat: Chunk             |     2 |     5 ||     7
